 Dungeon Crawl Stone Soup version 0.27-a0-1184-ge86db4a01e (webtiles) character file.

Game seed: 9106925813282283461

4234 mordus the Grappler (level 10, -1/102 HPs)
             Began as a Troll Monk on May 18, 2021.
             Slain by a boulder beetle (17 damage)
             ... on level 8 of the Dungeon.
             The game lasted 00:10:34 (5832 turns).

mordus the Grappler (Troll Monk)                    Turns: 5832, Time: 00:10:34

Health: -1/102     AC:  5    Str: 24    XL:     10   Next: 9%
Magic:  9/9        EV: 12    Int:  6    God:
Gold:   288        SH:  0    Dex: 12    Spells: 9/9 levels left

rFire    . . .     SeeInvis .     - Unarmed
rCold    + . .     Faith    .   (no shield)
rNeg     . . .     Spirit   .   a - +0 robe
rPois    .         Reflect  .   (helmet restricted)
rElec    .         Harm     .   m - +0 cloak
rCorr    .         Rampage  .   (gloves unavailable)
Will     .....                  (boots unavailable)
Stlth    ++........             (no amulet)
HPRegen  1.27/turn              b - ring of protection from cold
MPRegen  0.11/turn              (no ring)

@: no status effects
A: large, unfitting armour, claws 3, regeneration 1, shaggy fur 1, tough skin 1
a: no special abilities


You were on level 8 of the Dungeon.
You visited 2 branches of the dungeon, and saw 9 of its levels.

You collected 288 gold pieces.

Inventory:

Armour
 a - a +0 robe (worn)
 m - a +0 cloak (worn)
Jewellery
 b - a ring of protection from cold (left claw)
 q - a ring of ice
Wands
 j - a wand of digging (4)
 l - a wand of flame (51)
 y - a wand of polymorph (13)
Scrolls
 c - 4 scrolls of amnesia {unknown}
 e - 3 scrolls of fear {unknown}
 f - 2 scrolls of blinking {unknown}
 i - a scroll of teleportation {unknown}
 k - 3 scrolls of identify {unknown}
 o - a scroll of enchant weapon {unknown}
 r - a scroll of noise {unknown}
 t - a scroll of fog {unknown}
 u - a scroll of enchant armour {unknown}
 v - a scroll of magic mapping {unknown}
 w - 2 scrolls of vulnerability {unknown}
 x - a scroll of summoning {unknown}
 A - a scroll of silence {unknown}
Potions
 d - 3 potions of curing {unknown}
 g - 2 potions of ambrosia {unknown}
 h - 3 potions of brilliance {unknown}
 n - a potion of lignification {unknown}
 p - a potion of haste {unknown}
 s - a potion of heal wounds {unknown}
 z - 2 potions of degeneration {unknown}
 B - a potion of flight {unknown}


   Skills:
 + Level 7.6 Fighting
 + Level 7.4 Dodging
 - Level 1.0 Stealth
 + Level 9.1 Unarmed Combat


You had 9 spell levels left.
You didn't know any spells.
Your spell library contained the following spells:

 Spells                   Type           Power      Damage    Failure   Level
 Sandblast                Erth           0%         2d4       45%         1
 Passwall                 Tmut/Erth      0%         N/A       58%         2
 Stone Arrow              Conj/Erth      0%         3d7       83%         3
 Petrify                  Tmut/Erth      0%         N/A       99%         4
 Lee's Rapid Deconstruct  Erth           0%         3d5*      100%        5


Dungeon Overview and Level Annotations

Branches:
Dungeon (8/15)             Temple (1/1) D:6
   Lair: D:8-11

Altars:
Ashenzari
Cheibriados
Dithmenos
Elyvilon
Fedhas
Gozag
Hepliaklqana
Kikubaaqudgha
Makhleb
Nemelex Xobeh
Okawaru
Qazlal
Ru
Sif Muna
Trog
Uskayaw
Vehumet
Wu Jian
Xom
Yredelemnul
Zin
The Shining One

Shops:
D:3 (   D:4 [

Annotations:
D:3 2 transporters


Innate Abilities, Weirdness & Mutations

You are too large for most types of armour.
You have claws for hands.
Your natural rate of healing is unusually fast.
You are covered in fur. (AC +1)
You have tough skin. (AC +1)


Message History

* * * LOW HITPOINT WARNING * * *
The centaur warrior kicks you but does no damage.
You mangle the centaur warrior!!
The centaur warrior is almost dead.
The centaur warrior hits you.
* * * LOW HITPOINT WARNING * * *
The centaur warrior barely misses you.
You claw the centaur warrior!
You kill the centaur warrior!
Your Unarmed Combat skill increases to level 9!
You have reached level 10!
You start resting.
HP restored.
Things that are here:
a +0 longbow; 18 arrows No target in view!
There is an open door, spattered with blood here.
As you open the door, it creaks loudly!
A boulder beetle comes into view.
Found 28 sling bullets and a hunting sling.
The boulder beetle curls into a ball and begins rolling!
There is an open door here.
A boulder beetle is nearby!
The boulder beetle hits you!!!
Ouch! That really hurt!
The boulder beetle stops rolling and uncurls.
You are too injured to fight recklessly!
A boulder beetle is nearby!
A boulder beetle is nearby!
You are too injured to fight recklessly!
You scratch the boulder beetle but do no damage.
The boulder beetle bites you but does no damage.
You claw the boulder beetle!
The boulder beetle is lightly wounded.
The boulder beetle bites you!!
* * * LOW HITPOINT WARNING * * *
You scratch the boulder beetle but do no damage.
The boulder beetle is lightly wounded.
The boulder beetle bites you!
You die...

##########.## #..#
##.# ##.#### #.....#
######.....# ####
##...##.....##...##
#.....#.....#....)#
#...).'..8..'@B..(#
#.....#.....#....(#
##...##.....##...##
########'### ####
#+#.##...####
#.#.#.....#..
#.#.#..)..#.#
####...#.....#.#
###....#.##...##.####


You could see a boulder beetle.

Vanquished Creatures
  A centaur warrior (D:8)
  Grinder (D:3)
  A wyvern (D:7)
  3 water moccasins
  An ice beast (D:7)
  2 black bears
  6 necrophages (D:7)
  3 ogres
  3 centaurs
  A phantom (D:5)
  5 bullfrogs
  A scorpion (D:7)
  A water moccasin zombie (D:5)
  A water moccasin skeleton (D:4)
  7 wights (D:7)
  A howler monkey (D:6)
  3 vampire bats (D:6)
  A centaur zombie (D:6)
  A bullfrog zombie (D:7)
  2 jellies
  Crazy Yiuf (D:3)
  2 orc priests
  A bullfrog skeleton (D:5)
  2 hounds
  A centaur skeleton (D:6)
  2 iguanas
  Ijyb (D:3)
  2 orc wizards
  A scorpion zombie (D:5)
  A killer bee zombie (D:7)
  2 hound skeletons (D:5)
  4 gnolls (D:4)
  3 adders
  A white imp (D:7)
  2 dart slugs (D:1)
  14 orcs
  9 bats
  4 endoplasms
  4 giant cockroaches
  5 goblins
  5 hobgoblins
  3 kobolds
  2 quokkas
  3 ball pythons
  10 frilled lizards
  3 rats
133 creatures vanquished.

Vanquished Creatures (others)
  4 plants (D:3)
  2 withered plants (D:7)
6 creatures vanquished.

Grand Total: 139 creatures vanquished

Notes
Turn   | Place    | Note
-------+----------+-------------------------------------------
     0 | D:1      | mordus the Troll Monk began the quest for the Orb.
     0 | D:1      | Reached XP level 1. HP: 22/22 MP: 0/0
   150 | D:1      | Reached XP level 2. HP: 29/29 MP: 1/1
   332 | D:1      | Found a faded altar of an unknown god.
  1142 | D:2      | Reached XP level 3. HP: 37/37 MP: 2/2
  1653 | D:3      | Noticed Grinder
  1654 | D:3      | Found a transporter.
  1671 | D:3      | Paralysed by Grinder for 7 turns
  1681 | D:3      | Killed Grinder
  1682 | D:3      | Reached skill level 4 in Unarmed Combat
  1682 | D:3      | Reached XP level 4. HP: 37/48 MP: 3/3
  1682 | D:3      | Reached XP level 5. HP: 42/54 MP: 4/4
  1711 | D:3      | Found a runed translucent door.
  1712 | D:3      | Noticed Crazy Yiuf
  1753 | D:3      | Found a transporter.
  1792 | D:3      | Found Wehuahah's Weapon Boutique.
  1892 | D:3      | Noticed Ijyb
  1899 | D:3      | Reached XP level 6. HP: 62/62 MP: 5/5
  1903 | D:3      | Killed Ijyb
  2133 | D:3      | Killed Crazy Yiuf
  2189 | D:4      | Found Nuot's Antique Armour Emporium.
  2214 | D:4      | Reached skill level 5 in Unarmed Combat
  2457 | D:4      | Reached XP level 7. HP: 56/71 MP: 6/6
  2556 | D:4      | Found a hide-covered altar of Uskayaw.
  2938 | D:5      | Entered Level 5 of the Dungeon
  3070 | D:5      | Reached skill level 5 in Fighting
  3070 | D:5      | Reached skill level 6 in Unarmed Combat
  3343 | D:5      | Reached XP level 8. HP: 74/80 MP: 7/7
  3386 | D:5      | Reached skill level 5 in Dodging
  3887 | D:6      | Reached skill level 7 in Unarmed Combat
  4150 | D:6      | Found a staircase to the Ecumenical Temple.
  4278 | Temple   | Entered the Ecumenical Temple
  4575 | D:7      | Reached XP level 9. HP: 21/89 MP: 8/8
  4653 | D:7      | Found an ancient bone altar of Kikubaaqudgha.
  4857 | D:7      | Found a bloodstained altar of Trog.
  4860 | D:7      | Found a radiant altar of Vehumet.
  4915 | D:7      | Reached skill level 8 in Unarmed Combat
  5056 | D:7      | Found a snail-covered altar of Cheibriados.
  5486 | D:8      | Found a white marble altar of Elyvilon.
  5748 | D:8      | Noticed a centaur warrior
  5759 | D:8      | Killed a centaur warrior
  5760 | D:8      | Reached skill level 9 in Unarmed Combat
  5760 | D:8      | Reached XP level 10. HP: 26/102 MP: 9/9
  5827 | D:8      | Noticed a boulder beetle
  5832 | D:8      | Slain by a boulder beetle

Illustrated notes

Levels and vault maps discovered:
D:1:      dpeg_arrival_round_a, layout_loops_cross,
          hellmonk_ecumenical_altar_blasted, minmay_misc_feat_alley
D:2:      layout_basic
D:3:      gammafunk_wand_slinger, layout_rooms, serial_shops, shop,
          serial_bayou_pond_d, minmay_lizard_king, uniq_crazy_yiuf_cottage,
          uniq_grinder, uniq_ijyb
D:4:      layout_basic, lemuel_doored_altar, serial_shops,
          nicolae_shop_window_shopping
D:5:      layout_loops_ring
D:6:      layout_loops_ring, minmay_temple_entry_hall,
          hangedman_decor_peaks_small, roderic_batcave
D:7:      layout_basic, lemuel_crystal_altar,
          chequers_temple_overflow_statue_of_worship, serial_undead,
          serial_undead_b, serial_undead_b, serial_undead_c, serial_undead_e,
          serial_undead_c, serial_undead_e, serial_undead_b, serial_undead_b,
          serial_undead_b, serial_undead_b, due_unseen_surprise
D:8:      layout_basic, lemuel_coloured_pillars_altar, minmay_three_doors
Temple:   nicolae_temple_elliptical

Skill      XL: |  1  2  3  4  5  6  7  8  9 |
---------------+----------------------------+-----
Fighting       | 3 4 5 6 7 |  7.6
Dodging        | 3 4 6 7 |  7.4
Unarmed Combat | 4 5 6 7 9 |  9.1
Stealth        | |  1.0

Action                   |  1- 3 |  4- 6 |  7- 9 | 10-12 || total
-------------------------+-------+-------+-------+-------++-------
Melee: Unarmed           |    73 |    82 |   284 |     3 ||   442
       Punch             |       |     2 |    10 |       ||    12
 Stab: Sleeping          |     1 |       |     2 |       ||     3
Armor: Robe              |    23 |    21 |    78 |     1 ||   123
Dodge: Dodged            |    40 |    29 |   160 |       ||   229

Table legend: (Time is in decaauts)
 A = Elapsed time spent in this place.
 B = Non-inter-level travel time spent in this place.
 C = Inter-level travel time spent in this place.
 D = Time resting spent in this place.
 E = Time spent auto-exploring this place.
 F = Levels seen in this place.
 G = Mean time per level.
                   A        B        C        D        E       F      G
               +--------+--------+--------+--------+--------+-----+--------+
         Total |   5781 |   5585 |    196 |    193 |   4468 |   9 |  642.3 |
       Dungeon |   5614 |   5448 |    166 |    193 |   4331 |   8 |  701.8 |
        Temple |    167 |    137 |     30 |      0 |    137 |   1 |  167.0 |
               +--------+--------+--------+--------+--------+-----+--------+

Top non-repeatable levels by time:
     D:7: 957 daAuts
     D:2: 915 daAuts
     D:4: 744 daAuts
     D:6: 728 daAuts
     D:1: 709 daAuts
     D:5: 616 daAuts
     D:3: 553 daAuts
     D:8: 388 daAuts
  Temple: 167 daAuts
